AoeStats
← Alonchobjj

Fortress

509738050Analyzed
3v3 RM · 5d ago on Sep 27, 2026· 35m 38s· 6 players
Game mode
Random Map
Map size
Large (8 player)
Population
200
Speed
Normal
Resources
Standard
Victory
Conquest
Starting age
Dark Age
Ending age
Imperial Age
RankedLock teamsTeams togetherTeam positionsShared explorationLock speedFull tech treeHidden civsTurbo modeCheats
Victory
Defeat
🇨🇱 Poles · Chile
887
+16
🇬🇧 Danes · United Kingdom
882
+16
🇨🇴 Vikings · Colombia
879
+16
🇪🇸 Wu · Spain
907
-16
🇪🇸 Mongols · Spain
897
-17
🇪🇸 Franks · Spain
847
-15
WololoJedi
6:41 Feudal Age
7:17 Horse Collar
7:25 Double-Bit Axe
13:30 Castle Age
11:25 Gold Mining
11:47 Fletching
12:28 Forging
13:11 Stone Mining
12:56 Man-at-Arms
13:22 Arson
13:57 Scale Barding Armor
14:36 Bow Saw
15:24 Heavy Plow
16:42 Gold Shaft Mining
25:58 Imperial Age
24:38 Long Swordsman
24:38 Pikeman
25:18 Squires
25:18 Bodkin Arrow
25:24 Padded Archer Armor
25:24 Scale Mail Armor
25:10 Light Cavalry
27:01 Conscription
27:59 Hoardings
27:47 Leather Archer Armor
29:17 Two-Man Saw
28:18 Two-Handed Swordsman
28:55 Cavalier
29:53 Chain Mail Armor
36:17 Iron Casting
36:04 Chain Barding Armor
<Jericho 941>
0:29 Loom
9:18 Feudal Age
9:58 Double-Bit Axe
9:56 Horse Collar
14:13 Forging
14:05 Scale Mail Armor
14:46 Gold Mining
19:01 Castle Age
17:06 Fletching
17:49 Padded Archer Armor
17:54 Scale Barding Armor
17:37 Arson
18:15 Stone Mining
19:01 Bloodlines
20:08 Elite Skirmisher
22:20 Murder Holes
22:38 Bow Saw
25:15 Chain Barding Armor
25:31 Iron Casting
24:45 Town Watch
25:54 Ballistics
25:40 Squires
26:05 Husbandry
26:38 Treadmill Crane
27:29 Fervor
27:40 Sanctity
31:36 Wheelbarrow
32:01 Heavy Plow
37:47 Imperial Age
35:35 Leather Archer Armor
on3shootyboi
0:31 Loom
6:31 Feudal Age
7:25 Double-Bit Axe
8:28 Horse Collar
14:21 Castle Age
12:53 Gold Mining
12:56 Stone Mining
16:18 Fletching
16:47 Padded Archer Armor
16:43 Elite Skirmisher
19:07 Bodkin Arrow
20:36 Scale Mail Armor
22:42 Pikeman
25:35 Wheelbarrow
27:53 Heavy Plow
33:41 Imperial Age
31:06 Gambesons
33:39 Leather Archer Armor
34:13 Hand Cart
34:04 Squires
35:42 Forging
35:47 Chain Mail Armor
ZerioX
2:20 Loom
8:52 Feudal Age
12:52 Castle Age
13:36 Double-Bit Axe
13:58 Husbandry
18:14 Wheelbarrow
20:39 Hand Cart
24:51 Gold Mining
26:37 Gold Shaft Mining
26:24 Forging
26:20 Scale Barding Armor
29:23 Chain Barding Armor
29:38 Iron Casting
38:17 Imperial Age
jowi125
7:49 Feudal Age
12:07 Castle Age
10:23 Fletching
10:35 Padded Archer Armor
10:30 Double-Bit Axe
10:55 Loom
23:46 Bloodlines
25:04 Nomads
25:21 Leather Archer Armor
26:43 Husbandry
26:44 Light Cavalry
33:15 Imperial Age
30:52 Bodkin Arrow
32:57 Scale Barding Armor
Alonchobjj
7:43 Feudal Age
11:28 Castle Age
10:34 Loom
11:29 Wheelbarrow
16:22 Arson
19:32 Town Watch
25:15 Hand Cart
25:10 Double-Bit Axe
28:39 Horse Collar
31:59 Imperial Age
31:02 Fletching
31:13 Padded Archer Armor
32:23 Bow Saw
33:04 Conscription
33:22 Ballistics
33:01 Bodkin Arrow
33:21 Leather Archer Armor
33:22 Gold Mining
Connection lost

Rejoining the realm…

Still unreachable

The connection could not be restored.

Session expired

The server has moved on; the page needs a fresh start.